 Dungeon Crawl Stone Soup version 0.29-a0-338-g1ff7896281 (webtiles) character file.

Game seed: 18313619772968575671

162 bande the Covered (level 5, -1/33 HPs)
             Began as a Gargoyle Fighter on Apr 18, 2022.
             Blown up by Ijyb (8 damage)
             ... with a mindburst bolt
             ... on level 3 of the Dungeon.
             The game lasted 00:02:42 (1787 turns).

bande the Covered (Gargoyle Fighter)                Turns: 1787, Time: 00:02:42

Health: -1/33      AC: 12    Str: 26    XL:     5   Next: 43%
Magic:  5/5        EV:  9    Int:  8    God:
Gold:   56         SH:  5    Dex: 11    Spells: 4/4 levels left

rFire   . . .      SeeInvis .   a - +0 war axe
rCold   . . .      Faith    .   c - +1 buckler
rNeg    + . .      Spirit   .   b - +0 scale mail
rPois   ∞          Reflect  .   (no helmet)
rElec   +          Harm     .   g - +0 cloak
rCorr   .          Rampage  .   (no gloves)
Will    .....                   (no boots)
Stlth   ..........              (no amulet)
HPRegen 0.11/turn               e - +6 ring of strength
MPRegen 0.09/turn               (no ring)

@: no status effects
A: sickness immunity, AC +4, negative energy resistance 1, electricity
resistance, torment resistance 1, petrification resistance
a: no special abilities


You were on level 3 of the Dungeon.
You visited 1 branch of the dungeon, and saw 3 of its levels.

You collected 56 gold pieces.

Inventory:

Hand Weapons
 a - a +0 war axe (weapon)
Armour
 b - a +0 scale mail (worn)
 c - a +1 buckler (worn)
 g - a +0 cloak (worn)
Jewellery
 e - a +6 ring of strength (left hand)
Potions
 d - 3 potions of might
 f - a potion of flight {unknown}
 h - 2 potions of cancellation
 i - a potion of heal wounds {unknown}
 j - a potion of resistance {unknown}
 k - 2 potions of mutation {unknown}


   Skills:
 + Level 3.7 Fighting
 + Level 3.5 Axes
 + Level 4.6 Armour
 + Level 3.8 Shields


You had 4 spell levels left.
You didn't know any spells.
Your spell library was empty.

Dungeon Overview and Level Annotations

Branches:
Dungeon (3/15)

Altars:

Shops:
D:2 ?

Annotations:
D:3 Ijyb


Innate Abilities, Weirdness & Mutations

You are immune to sickness and miasma.
Your stone body is resilient. (AC +4)
You are immune to poison.
You resist negative energy. (rN+)
You are resistant to electric shocks. (rElec)
You are resistant to unholy torment.
You are immune to petrification.


Message History

You slash the goblin!
You kill the goblin!
You closely miss the goblin.
Ijyb zaps a wand.
Your mind is blasted!
The goblin hits you with a +0 club.
You are too injured to fight recklessly!
You are too injured to fight recklessly!
You are too injured to fight recklessly!
You are too injured to fight recklessly!
You are too injured to fight recklessly!
You are too injured to fight recklessly!
You are too injured to fight recklessly!
You are too injured to fight recklessly!
Unknown command.
You barely miss the goblin. You slash the goblin!
You kill the goblin!
The goblin barely misses you.
You miss the goblin. You closely miss the goblin.
Ijyb zaps a wand.
Your mind is blasted!
* * * LOW HITPOINT WARNING * * *
The goblin hits you but does no damage. You block the goblin's attack.
Ijyb zaps a wand.
You barely resist. The goblin hits you with a +0 club.
* * * LOW HITPOINT WARNING * * *
The goblin hits you but does no damage.
You slash the goblin!
You kill the goblin!
You closely miss the goblin. You block the goblin's attack.
Unknown command.
You closely miss the goblin. You slash the goblin!
You kill the goblin!
You slash the goblin!
You kill the goblin!
You block the goblin's attack. The goblin barely misses you.
You closely miss the goblin. The goblin hits you but does no damage.
Unknown command.
You slash the goblin!
You kill the goblin!
You closely miss Ijyb. Ijyb hits you but does no damage.
Unknown command.
Ijyb zaps a wand.
Your mind is blasted!
You die...

......+
.........#
#######
.........#
########.#
#.###### #......#
#......#
##########...$..#
#.8.8.8.8.......#
#......@........#
#$.....g).......#
#...!......######
#..........#
#..........#
#.8.8.8.8..#
#########..# .##


You could see Ijyb.

Vanquished Creatures
  A black bear (D:2)
  2 adders
  A worm (D:2)
  5 dart slugs
  An orc (D:3)
  2 endoplasms
  8 goblins
  5 hobgoblins
  2 kobolds (D:1)
  3 quokkas
  2 ball pythons
  3 bats
  4 frilled lizards
  2 rats (D:1)
41 creatures vanquished.

Vanquished Creatures (collateral kills)
  An endoplasm (D:2)
1 creature vanquished.

Vanquished Creatures (others)
  2 fungi (D:1)
  2 plants
4 creatures vanquished.

Grand Total: 46 creatures vanquished

Notes
Turn   | Place    | Note
-------+----------+-------------------------------------------
     0 | D:1      | bande the Gargoyle Fighter began the quest for the Orb.
     0 | D:1      | Reached XP level 1. HP: 14/14 MP: 1/1
   297 | D:1      | Reached XP level 2. HP: 19/19 MP: 2/2
   505 | D:1      | Found a faded altar of an unknown god.
   829 | D:2      | Reached XP level 3. HP: 14/23 MP: 3/3
   832 | D:2      | Reached skill level 4 in Armour
  1134 | D:2      | Noticed a black bear
  1144 | D:2      | Killed a black bear
  1145 | D:2      | Reached XP level 4. HP: 6/29 MP: 4/4
  1145 | D:2      | Reached XP level 5. HP: 7/33 MP: 5/5
  1581 | D:2      | Found Tuggargh's Magic Scroll Shoppe.
  1778 | D:3      | Noticed Ijyb
  1787 | D:3      | Blown up by Ijyb

Illustrated notes

Levels and vault maps discovered:
D:1:      lordsloth_arrival_two_stooges, layout_basic,
          dreamdust_ecumenical_altar_grove
D:2:      layout_rooms, serial_shops, nicolae_diamond_shop, minmay_ruptured
D:3:      kennysheep_the_goblin_king, layout_basic,
          grunt_temple_overflow_forces_of_nature, lightli_sewer_entry_pipes,
          due_unseen_surprise

Skill      XL: |  1  2  3 |
---------------+----------+-----
Axes           | 2 3 |  3.5
Armour         | 4 |  4.6
Fighting       | |  3.7
Shields        | |  3.8

Action                   |  1- 3 |  4- 6 || total
-------------------------+-------+-------++-------
Melee: War axe           |    72 |    26 ||    98
  Use: Scroll            |     4 |     1 ||     5
 Stab: Distracted        |     1 |       ||     1
Armor: Scale mail        |    39 |    15 ||    54
Dodge: Dodged            |    38 |    10 ||    48
Block: Buckler           |    21 |    11 ||    32

Table legend: (Time is in decaauts)
 A = Elapsed time spent in this place.
 B = Non-inter-level travel time spent in this place.
 C = Inter-level travel time spent in this place.
 D = Time resting spent in this place.
 E = Time spent auto-exploring this place.
 F = Levels seen in this place.
 G = Mean time per level.
                   A        B        C        D        E       F      G
               +--------+--------+--------+--------+--------+-----+--------+
         Total |   1828 |   1810 |     18 |    370 |   1102 |   3 |  609.3 |
       Dungeon |   1828 |   1810 |     18 |    370 |   1102 |   3 |  609.3 |
               +--------+--------+--------+--------+--------+-----+--------+

Top non-repeatable levels by time:
     D:1: 967 daAuts
     D:2: 733 daAuts
     D:3: 127 daAuts
